 Dungeon Crawl Stone Soup version 0.30-a0-177-g1cb5dbfd7a (webtiles) character file.

Game seed: 5427872110330966278

72 freelancePsychic the Vexing (level 4, 0/24 HPs)
             Began as a Deep Elf Enchanter on Oct 3, 2022.
             Was an Initiate of Kikubaaqudgha.
             Slain by a jackal (3 damage)
             ... on level 2 of the Dungeon.
             The game lasted 00:04:38 (1835 turns).

freelancePsychic the Vexing (Deep Elf Enchanter)    Turns: 1835, Time: 00:04:39

Health: 0/24       AC:  2    Str:  5    XL:     4   Next: 6%
Magic:  11/11      EV: 12    Int: 22    God:    Kikubaaqudgha [......]
Gold:   77         SH:  0    Dex: 15    Spells: 4/10 levels left

rFire   . . .      SeeInvis .    a - +1 dagger
rCold   . . .      Faith    .    (no shield)
rNeg    . . .      Spirit   .    b - +0 robe
rPois   .          Reflect  .    (no helmet)
rElec   .          Harm     .    (no cloak)
rCorr   .          Rampage  .    (no gloves)
Will    .....                    (no boots)
Stlth   +++.......               (no amulet)
HPRegen 0.24/turn                (no ring)
MPRegen 0.12/turn                (no ring)

@: no status effects
A: no striking features
a: Renounce Religion


You were on level 2 of the Dungeon.
You worshipped Kikubaaqudgha.
Kikubaaqudgha was noncommittal.
You visited 1 branch of the dungeon, and saw 2 of its levels.

You collected 77 gold pieces.

Inventory:

Hand Weapons
 a - a +1 dagger (weapon)
 l - a +0 rapier
Armour
 b - a +0 robe (worn)
Jewellery
 e - an amulet of reflection
Scrolls
 g - a scroll of enchant armour {unknown}
 h - a scroll of fear {unknown}
 i - a scroll of identify {unknown}
 j - a scroll of summoning {unknown}
 m - a scroll of blinking {unknown}
Potions
 c - a potion of invisibility
 d - a potion of lignification {unknown}
 f - a potion of heal wounds {unknown}
 k - 2 potions of curing {unknown}


   Skills:
 + Level 0.9 Fighting
 - Level 1.8 Short Blades
 - Level 2.4 Dodging
 - Level 4.3 Stealth
 + Level 3.5 Spellcasting
 - Level 4.8 Hexes
 + Level 0.6 Necromancy


You had 4 spell levels left.
You knew the following spells:

 Your Spells              Type           Power      Damage    Failure   Level
a - Confusing Touch       Hex            25%        N/A       4%          3
b - Tukima's Dance        Hex            25%        N/A       4%          3

Your spell library contained the following spells:

 Spells                   Type           Power      Damage    Failure   Level
 Ensorcelled Hibernation  Hex/Ice        28%        N/A       7%          2
 Dazzling Flash           Conj/Hex       28%        N/A       13%         3
 Gell's Gravitas          Tloc           3%         N/A       34%         3
 Teleport Other           Tloc           3%         N/A       34%         3
 Dispersal                Tloc           1%         N/A       100%        6


Dungeon Overview and Level Annotations

Branches:
Dungeon (2/15)

Altars:
Kikubaaqudgha


Message History

The hobgoblin closely misses you.
You hit the jackal but do no damage.
The jackal is moderately wounded.
The jackal closely misses you. The jackal barely misses you.
The hobgoblin hits you but does no damage.
The jackal bites you but does no damage.
The jackal bites you.
You hit the jackal.
You kill the jackal!
Kikubaaqudgha accepts your kill.
The jackal bites you but does no damage.
The jackal bites you. The jackal barely misses you. The hobgoblin hits you.
You hit the hobgoblin but do no damage. The jackal bites you. x3
The hobgoblin barely misses you.
You are too injured to fight recklessly!
You are too injured to fight recklessly!
You are too injured to fight recklessly!
You are too injured to fight recklessly!
You are too injured to fight recklessly!
You are too injured to fight recklessly!
You are too injured to fight recklessly!
You are too injured to fight recklessly!
You hit the jackal.
The jackal is severely wounded.
The jackal bites you. The jackal barely misses you.
The jackal closely misses you.
The jackal bites you but does no damage.
The jackal barely misses you. The hobgoblin hits you.
The jackal barely misses you. The jackal bites you. The jackal misses you.
The jackal completely misses you. The hobgoblin attacks as you move away!
The hobgoblin hits you.
* * * LOW HITPOINT WARNING * * *
The jackal attacks as you move away! The jackal bites you.
* * * LOW HITPOINT WARNING * * *
The jackal barely misses you. The jackal bites you.
* * * LOW HITPOINT WARNING * * *
The jackal misses you. The jackal attacks as you move away!
The jackal bites you.
You die...
Kikubaaqudgha rasps: "You have failed me!
Welcome... death!"

####### ############
....... #..........#
....... #.########.#
....... #.# ##.######.
....... #.#######.........
..)....##......#.......###
.......gh@................
........hh.....######.....
...........##########.....
#####.###..# ...........
#. #..# ##......### .
..... ........... #.
....... ........##. #
..................#.
.###...............#.


You could see 3 jackals and a hobgoblin.

Vanquished Creatures
  3 adders (D:2)
  A worm (D:2)
  A dart slug (D:2)
  An orc (D:2)
  6 endoplasms
  4 giant cockroaches (D:1)
  5 goblins (D:1)
  3 hobgoblins
  A jackal (D:2)
  A kobold (D:1)
  A quokka (D:2)
  3 ball pythons (D:1)
  2 bats (D:1)
  A frilled lizard (D:2)
  3 rats
36 creatures vanquished.

Notes
Turn   | Place    | Note
-------+----------+-------------------------------------------
     0 | D:1      | freelancePsychic the Deep Elf Enchanter began the quest for
                  | the Orb.
     0 | D:1      | Reached XP level 1. HP: 10/10 MP: 6/6
   141 | D:1      | Reached XP level 2. HP: 15/15 MP: 8/8
  1136 | D:2      | Reached XP level 3. HP: 19/19 MP: 9/9
  1186 | D:2      | Learned a level 3 spell: Confusing Touch
  1190 | D:2      | Learned a level 3 spell: Tukima's Dance
  1252 | D:2      | Found an ancient bone altar of Kikubaaqudgha.
  1260 | D:2      | Became a worshipper of Kikubaaqudgha
  1697 | D:2      | Reached XP level 4. HP: 24/24 MP: 11/11
  1835 | D:2      | Slain by a jackal

Illustrated notes

Levels and vault maps discovered:
D:1:      dpeg_arrival_stonehenge_8_columns, layout_basic,
          roderic_serpentine_path
D:2:      layout_basic, basic_altar, nicolae_hexahallways

Skill      XL: |  1  2 |
---------------+-------+-----
Stealth        | 4 |  4.3
Fighting       | |  0.9
Short Blades   | |  1.8
Dodging        | |  2.4
Spellcasting   | |  3.5
Hexes          | |  4.8
Necromancy     | |  0.6

Action                   |  1- 3 |  4- 6 || total
-------------------------+-------+-------++-------
Melee: Dagger            |   129 |    19 ||   148
       Punch             |     2 |       ||     2
 Cast: Confusing Touch   |     3 |     1 ||     4
  Use: Scroll            |     1 |       ||     1
       Potion            |     1 |       ||     1
 Stab: Sleeping          |     9 |       ||     9
       Confused          |     2 |     1 ||     3
Armor: Robe              |    10 |     8 ||    18
Dodge: Dodged            |    89 |    20 ||   109

Table legend: (Time is in decaauts)
 A = Elapsed time spent in this place.
 B = Non-inter-level travel time spent in this place.
 C = Inter-level travel time spent in this place.
 D = Time resting spent in this place.
 E = Time spent auto-exploring this place.
 F = Levels seen in this place.
 G = Mean time per level.
                   A        B        C        D        E       F      G
               +--------+--------+--------+--------+--------+-----+--------+
         Total |   1822 |   1779 |     43 |     46 |   1348 |   2 |  911.0 |
       Dungeon |   1822 |   1779 |     43 |     46 |   1348 |   2 |  911.0 |
               +--------+--------+--------+--------+--------+-----+--------+

Top non-repeatable levels by time:
     D:1: 1123 daAuts
     D:2: 698 daAuts
